 Dungeon Crawl Stone Soup version 0.28.0-53-g5a82cb258f (webtiles) character file.

Game seed: 3972344730337897354

2706 Renzlar the Blocker (level 9, 74/74 HPs)
             Began as a Gnoll Fighter on Aug 14, 2022.
             Quit the game on level 6 of the Dungeon.
             The game lasted 00:19:29 (7382 turns).

Renzlar the Blocker (Gnoll Fighter)                 Turns: 7382, Time: 00:19:30

Health: 74/74      AC: 14    Str: 19    XL:     9   Next: 65%
Magic:  15/15      EV:  9    Int:  7    God:
Gold:   196        SH:  6    Dex: 13    Spells: 16/16 levels left

rFire   . . .      SeeInvis .   c - +0 hunting sling
rCold   . . .      Faith    .   s - +0 buckler
rNeg    . . .      Spirit   .   i - +0 chain mail
rPois   +          Reflect  .   (no helmet)
rElec   .          Harm     .   o - +0 cloak {Stlth+}
rCorr   .          Rampage  .   t - +1 pair of gloves
Will    .....                   (no boots)
Stlth   +.........              (no amulet)
HPRegen 0.22/turn               k - ring of poison resistance
MPRegen 0.14/turn               (no ring)

@: no status effects
A: fangs 1, strong nose, distributed training
a: no special abilities


You were on level 6 of the Dungeon.
You visited 2 branches of the dungeon, and saw 7 of its levels.

You collected 196 gold pieces.

Inventory:

Hand Weapons
 a - a +1 war axe
 c - a +0 hunting sling (weapon)
 p - a +2 whip of venom
Missiles
 f - 131 stones (quivered ammo)
 h - 31 bolts
 j - 32 sling bullets
 w - a throwing net
Armour
 b - a +0 scale mail
 i - a +0 chain mail (worn)
 o - a +0 cloak of stealth (worn)
 s - a +0 buckler (worn)
 t - a +1 pair of gloves (worn)
Jewellery
 k - a ring of poison resistance (left hand)
Wands
 e - a wand of flame (21)
 q - a wand of digging (6)
Scrolls
 m - a scroll of teleportation
 x - 3 scrolls of identify
 y - a scroll of amnesia
Potions
 d - a potion of might
 g - a potion of heal wounds
 l - a potion of brilliance {unknown}
 n - a potion of degeneration {unknown}
 r - a potion of flight {unknown}
 v - a potion of lignification {unknown}
 z - a potion of curing


   Skills:
 + Level 8.0 Fighting
 + Level 4.4 Short Blades
 + Level 4.4 Long Blades
 + Level 6.4 Axes
 + Level 4.4 Maces & Flails
 + Level 4.4 Polearms
 + Level 4.4 Staves
 + Level 4.4 Slings
 + Level 4.4 Bows
 + Level 4.4 Crossbows
 + Level 4.4 Throwing
 + Level 8.0 Armour
 + Level 4.4 Dodging
 + Level 4.4 Stealth
 + Level 8.0 Shields
 + Level 4.4 Unarmed Combat
 + Level 4.4 Spellcasting
 + Level 3.6 Conjurations
 + Level 3.6 Hexes
 + Level 3.6 Summonings
 + Level 3.6 Necromancy
 + Level 3.6 Translocations
 + Level 3.6 Transmutations
 + Level 3.6 Fire Magic
 + Level 3.6 Ice Magic
 + Level 3.6 Air Magic
 + Level 3.6 Earth Magic
 + Level 3.6 Poison Magic
 + Level 4.9 Invocations
 + Level 4.4 Evocations


You had 16 spell levels left.
You didn't know any spells.
Your spell library contained the following spells:

 Spells                   Type           Power      Damage    Failure   Level
 Summon Small Mammal      Summ           24%        N/A       58%         1
 Call Canine Familiar     Summ           6%         N/A       91%         3
 Summon Guardian Golem    Hex/Summ       6%         N/A       91%         3
 Tukima's Dance           Hex            6%         N/A       91%         3
 Passage of Golubria      Tloc           6%         N/A       100%        4
 Fireball                 Conj/Fire      3%         3d4       100%        5
 Yara's Violent Unravell  Hex/Tmut       3%         3d4       100%        5
 Starburst                Conj/Fire      3%         6d3       100%        6
 Ignition                 Fire           3%         3d4       100%        8


Dungeon Overview and Level Annotations

Branches:
Dungeon (6/15)             Temple (1/1) D:4

Altars:
Ashenzari
Cheibriados
Dithmenos
Elyvilon
Fedhas
Gozag
Makhleb
Okawaru
Qazlal
Ru
Sif Muna
Trog
Uskayaw
Vehumet
Wu Jian
Xom
Yredelemnul
Zin
The Shining One

Annotations:
D:3 2 transporters


Innate Abilities, Weirdness & Mutations

You have very sharp teeth.
Your uncanny sense of smell can sniff out nearby items.
Your experience applies equally to all skills.


Message History

The hound is heavily wounded.
The hound bites you but does no damage.
You hit the hound.
The hound looks as sick as possible!
The hound is almost dead.
You kill the hound!
You hit the iguana.
The iguana is moderately wounded.
The iguana bites you.
You hit the iguana.
The iguana is poisoned.
Your bite misses the iguana.
The iguana is moderately wounded.
You block the iguana's attack.
An orc comes into view. It is wielding a +0 short sword.
The orc shouts!
You hit the iguana.
The iguana is heavily wounded.
The iguana closely misses you.
You hit the iguana.
You kill the iguana!
Your +2 whip of venom stops dripping with poison.
c - a +0 hunting sling (weapon)
You shoot a stone. The stone hits the orc.
The orc is lightly wounded.
You shoot a stone.
The stone hits the orc but does no damage.
The orc is lightly wounded.
You shoot a stone. The stone hits the orc.
The orc is severely wounded.
Your +2 whip of venom begins to drip with poison!
p - a +2 whip of venom (weapon)
You hit the orc.
The orc is poisoned.
The orc is almost dead.
You kill the orc!
Your +2 whip of venom stops dripping with poison.
c - a +0 hunting sling (weapon)
You now have 196 gold pieces (gained 11).
Items here: ) [ †††.
f - 129 stones (gained 1)
Found a mace.
f - 131 stones (gained 2) Are you sure you want to abandon this character and quit the game? (Confirm with "yes".)

####.#.# #.#.#
#.#.## #....#
#..†.# ####....#
.(...#.)## ###
#........#...).
#(.#....@......#
##.#.#.......#.#
. #.#.#(..#.# #
#.#.#.#.#
#.#(#.# #
#.#...# .....
... .


There were no monsters in sight!

Vanquished Creatures
  A gargoyle (D:5)
  Eustachio (D:4)
  A water moccasin (D:6)
  2 black bears
  3 necrophages (D:5)
  5 ogres
  A centaur (D:5)
  2 phantoms (D:5)
  A bullfrog (D:6)
  A gnoll sergeant (D:5)
  A scorpion (D:5)
  A water moccasin zombie (D:5)
  A wyvern skeleton (D:6)
  A water moccasin skeleton (D:5)
  A killer bee (D:5)
  A howler monkey (D:5)
  2 bullfrog zombies (D:5)
  A centaur zombie (D:5)
  2 jellies (D:5)
  Crazy Yiuf (D:2)
  2 hounds (D:6)
  An orc priest (D:4)
  A centaur skeleton (D:4)
  An orc wizard (D:4)
  Ijyb (D:4)
  2 iguanas
  7 adders
  9 gnolls
  A worm (D:2)
  An adder skeleton (D:4)
  5 orcs
  8 ball pythons
  4 bats
  8 endoplasms
  2 giant cockroaches (D:1)
  13 goblins
  6 hobgoblins
  4 quokkas
  5 frilled lizards
  7 kobolds
  5 rats
123 creatures vanquished.

Notes
Turn   | Place    | Note
-------+----------+-------------------------------------------
     0 | D:1      | Renzlar the Gnoll Fighter began the quest for the Orb.
     0 | D:1      | Reached XP level 1. HP: 23/23 MP: 1/1
   362 | D:1      | Reached XP level 2. HP: 24/29 MP: 2/2
   689 | D:1      | Reached XP level 3. HP: 32/35 MP: 3/3
  1077 | D:2      | Reached skill level 1 in Invocations
  1318 | D:2      | Found a faded altar of an unknown god.
  1401 | D:2      | Reached skill level 1 in Short Blades
  1401 | D:2      | Reached skill level 1 in Long Blades
  1401 | D:2      | Reached skill level 1 in Maces & Flails
  1401 | D:2      | Reached skill level 1 in Polearms
  1401 | D:2      | Reached skill level 1 in Staves
  1401 | D:2      | Reached skill level 1 in Slings
  1401 | D:2      | Reached skill level 1 in Bows
  1401 | D:2      | Reached skill level 1 in Crossbows
  1401 | D:2      | Reached skill level 1 in Throwing
  1401 | D:2      | Reached skill level 1 in Dodging
  1401 | D:2      | Reached skill level 1 in Stealth
  1401 | D:2      | Reached skill level 1 in Unarmed Combat
  1401 | D:2      | Reached skill level 1 in Spellcasting
  1401 | D:2      | Reached skill level 1 in Evocations
  1411 | D:2      | Found a runed translucent door.
  1412 | D:2      | Noticed Crazy Yiuf
  1420 | D:2      | Killed Crazy Yiuf
  1421 | D:2      | Reached XP level 4. HP: 41/41 MP: 5/5
  1972 | D:3      | Noticed an ice beast
  1973 | D:3      | Found a transporter.
  1975 | D:3      | Found an iron altar of Okawaru.
  1979 | D:3      | Reached skill level 1 in Conjurations
  1979 | D:3      | Reached skill level 1 in Hexes
  1979 | D:3      | Reached skill level 1 in Summonings
  1979 | D:3      | Reached skill level 1 in Necromancy
  1979 | D:3      | Reached skill level 1 in Translocations
  1979 | D:3      | Reached skill level 1 in Transmutations
  1979 | D:3      | Reached skill level 1 in Fire Magic
  1979 | D:3      | Reached skill level 1 in Ice Magic
  1979 | D:3      | Reached skill level 1 in Air Magic
  1979 | D:3      | Reached skill level 1 in Earth Magic
  1979 | D:3      | Reached skill level 1 in Poison Magic
  1984 | D:3      | Noticed a sky beast
  1998 | D:3      | Found a transporter.
  2184 | D:3      | Reached XP level 5. HP: 5/47 MP: 6/6
  2185 | D:3      | HP: 2/47 [gnoll/+0 halberd (4)]
  2534 | D:3      | Found a sacrificial altar of Ru.
  2689 | D:3      | Found a bloodstained altar of Trog.
  2691 | D:3      | Found a radiant altar of Vehumet.
  2779 | D:3      | Noticed a black bear
  2790 | D:3      | Killed a black bear
  2791 | D:3      | Reached XP level 6. HP: 18/53 MP: 8/8
  3268 | D:4      | Found a staircase to the Ecumenical Temple.
  3280 | Temple   | Entered the Ecumenical Temple
  3608 | D:4      | Reached skill level 5 in Axes
  4187 | D:4      | Noticed Eustachio
  4198 | D:4      | Reached XP level 7. HP: 48/60 MP: 10/10
  4206 | D:4      | Killed Eustachio
  4628 | D:4      | Found a hide-covered altar of Uskayaw.
  4745 | D:4      | Noticed Ijyb
  4772 | D:4      | Killed Ijyb
  5377 | D:5      | Entered Level 5 of the Dungeon
  5504 | D:5      | Reached XP level 8. HP: 67/67 MP: 12/12
  6480 | D:5      | Reached XP level 9. HP: 68/72 MP: 14/14
  6617 | D:5      | Found an ornate altar of the Wu Jian Council.
  6818 | D:5      | Found a stormy altar of Qazlal.
  6819 | D:5      | Noticed a gargoyle
  6837 | D:5      | Killed a gargoyle
  7382 | D:6      | Quit the game

Illustrated notes

Levels and vault maps discovered:
D:1:      denvon_arrival_waterhouse, layout_loops_ring
D:2:      layout_loops_ring, nicolae_ecumenical_oubliette,
          uniq_crazy_yiuf_cottage
D:3:      layout_basic, nicolae_ru_awakened_eye,
          gammafunk_temple_overflow_arena, gammafunk_temple_overflow_pools
D:4:      layout_layer_cave, marbit_many_paths, minmay_temple_entry_slanted,
          uniq_ijyb, uniq_eustachio
D:5:      minmay_evil_eye, layout_basic, hangedman_feature_mirror
D:6:      kb_forest_paths, layout_loops_ring, amethyst_killhole,
          minmay_misc_feat_more_columns
Temple:   eino_narrow_crystal_temple

Skill      XL: |  1  2  3  4  5  6  7  8  9 |
---------------+----------------------------+-----
Invocations    | 1 2 3 4 |  4.9
Short Blades   | 1 2 3 4 |  4.4
Long Blades    | 1 2 3 4 |  4.4
Maces & Flails | 1 2 3 4 |  4.4
Polearms       | 1 2 3 4 |  4.4
Staves         | 1 2 3 4 |  4.4
Slings         | 1 2 3 4 |  4.4
Bows           | 1 2 3 4 |  4.4
Crossbows      | 1 2 3 4 |  4.4
Throwing       | 1 2 3 4 |  4.4
Dodging        | 1 2 3 4 |  4.4
Stealth        | 1 2 3 4 |  4.4
Unarmed Combat | 1 2 3 4 |  4.4
Spellcasting   | 1 2 3 4 |  4.4
Evocations     | 1 2 3 4 |  4.4
Conjurations   | 1 2 3 |  3.6
Hexes          | 1 2 3 |  3.6
Summonings     | 1 2 3 |  3.6
Necromancy     | 1 2 3 |  3.6
Translocations | 1 2 3 |  3.6
Transmutations | 1 2 3 |  3.6
Fire Magic     | 1 2 3 |  3.6
Ice Magic      | 1 2 3 |  3.6
Air Magic      | 1 2 3 |  3.6
Earth Magic    | 1 2 3 |  3.6
Poison Magic   | 1 2 3 |  3.6
Axes           | 5 6 |  6.4
Fighting       | 7 8 |  8.0
Armour         | 7 8 |  8.0
Shields        | 7 8 |  8.0

Action                   |  1- 3 |  4- 6 |  7- 9 || total
-------------------------+-------+-------+-------++-------
Melee: War axe           |    93 |    61 |    77 ||   231
       Bite              |     9 |     8 |    21 ||    38
       Whip              |       |    59 |   128 ||   187
 Fire: Hunting sling     |       |    29 |   140 ||   169
Throw: Stone             |     2 |     3 |       ||     5
       Throwing net      |       |       |     2 ||     2
  Use: Scroll            |     3 |     5 |     3 ||    11
       Potion            |       |     1 |       ||     1
Armor: Scale mail        |    21 |       |       ||    21
       Chain mail        |    11 |    63 |   120 ||   194
Dodge: Dodged            |    25 |    46 |    84 ||   155
Block: Buckler           |    23 |    33 |    50 ||   106
